 Dungeon Crawl Stone Soup version 0.31-a0-232-gb1c03b2570 (webtiles) character file.

Game seed: 13308091519963931215

133 qw the Shooter (level 5, -1/30 HPs)
             Began as a Gargoyle Hexslinger on July 7, 2023.
             Slain by an ufetubus (2 damage)
             ... summoned by Eustachio
             ... on level 4 of the Dungeon.
             The game lasted 00:00:51 (1711 turns).

qw the Shooter (Gargoyle Hexslinger)                Turns: 1711, Time: 00:00:52

Health: -1/30      AC: 10    Str: 12    XL:     5   Next: 16%
Magic:  6/6        EV: 10    Int: 13    God:
Gold:   155        SH:  0    Dex: 14    Spells: 5/6 levels left

rFire   . . .        Y - +1 sling
rCold   . . .        (no shield)
rNeg    + . .        f - +0 ring mail
rPois   inf          c - +0 helmet
rElec   +            (no cloak)
rCorr   .            (no gloves)
SInv    .            (no boots)
Will    .....        (no amulet)
Stlth   +            (no ring)
HPRegen 0.25/turn    (no ring)
MPRegen 0.10/turn

%: no passive effects
@: no status effects
A: sickness immunity, AC +4, negative energy resistance 1, electricity
resistance, torment resistance 1, petrification resistance
a: no special abilities


You were on level 4 of the Dungeon.
You visited 1 branch of the dungeon, and saw 4 of its levels.

You collected 155 gold pieces.


Innate Abilities, Weirdness & Mutations

You are immune to sickness and miasma.
Your stone body is resilient. (AC +4)
You are immune to poison.
You resist negative energy. (rN+)
You are resistant to electric shocks. (rElec)
You are resistant to unholy torment.
You are immune to petrification.


   Skills:
 - Level 2.0 Fighting
 + Level 4.7 Ranged Weapons
 - Level 1.2 Armour
 - Level 1.5 Dodging
 - Level 1.0 Spellcasting
 - Level 2.6 Hexes


You had 5 spell levels left.
You knew the following spells:

 Your Spells              Type           Power      Damage    Failure   Level
a - Slow                  Hex            28%        N/A       22%         1

Your spell library contained the following spells:

 Spells                   Type           Power      Damage    Failure   Level
 Inner Flame              Hex/Fire       4%         N/A       73%         3
 Portal Projectile        Hex/Tloc       8%         N/A       73%         3
 Cause Fear               Hex            3%         N/A       91%         4

Inventory:

Hand Weapons
 Y - a +1 sling (weapon)
Armour
 c - a +0 helmet (worn)
 f - a +0 ring mail (worn)
Jewellery
 e - a ring of fire
Scrolls
 a - a scroll of identify
Potions
 b - a potion of enlightenment
 d - a potion of haste {unknown}
 h - a potion of heal wounds {unknown}

Dungeon Overview and Level Annotations

Branches:
Dungeon (4/15)
 Temple: D:4-7

Altars:
Fedhas
Uskayaw

Annotations:
D:4 Eustachio


Message History

Eustachio is lightly wounded.
You shoot a sling bullet.
The sling bullet hits Eustachio but does no damage.
Eustachio is lightly wounded.
Eustachio drinks a potion.
Eustachio seems to grow stronger.
You shoot a sling bullet.
The sling bullet barely misses Eustachio.
The rat closely misses you.
Eustachio gestures wildly while chanting.
You shoot a sling bullet. The sling bullet hits the rat.
You kill the rat!
The rat's corpse disappears in a puff of smoke!
You shoot a sling bullet. The sling bullet hits Eustachio.
Eustachio is lightly wounded.
The ufetubus barely misses you.
The ufetubus hits you but does no damage.
The rat bites you. Eustachio hits you with a +0 falchion!
You shoot a sling bullet.
The sling bullet closely misses Eustachio.
The ufetubus closely misses you.
The ufetubus hits you but does no damage.
The rat bites you but does no damage.
Eustachio zaps a wand.
The puff of flame hits you but does no damage.
You shoot a sling bullet.
The sling bullet closely misses Eustachio.
The ufetubus closely misses you. The ufetubus hits you.
The ufetubus hits you but does no damage. x2
The rat bites you but does no damage. Eustachio hits you with a +0 falchion.
The ufetubus hits you but does no damage. x2
The ufetubus barely misses you. The ufetubus hits you.
The rat barely misses you.
Eustachio zaps a wand.
The puff of flame hits you!
You shoot a sling bullet.
The sling bullet closely misses Eustachio.
The sling bullet closely misses the shadow imp.
The ufetubus closely misses you.
The ufetubus hits you but does no damage.
The ufetubus barely misses you. The ufetubus misses you.
The ufetubus hits you but does no damage.
The ufetubus hits you.
You die...

#.. ......
##........ .
##...#.....[.
..#....#......#
..............##
...?...5.#.....###
......r@5#.......##
..#####@5#........#
.##.((##..........##
.#.#(#(#...........#
.#..#((#...........#
.#.#(#(#.....#.....#
.##...##.##........#
.###.###.##..#.....#
#.###.#.###...<..##
#.....#.# #....###


You could see Eustachio (strong), 8 dancing weapons, a shadow imp (summoned), 2
ufetubi and a rat (summoned).

Vanquished Creatures
  Ijyb (D:3)
  Terence (D:2)
  3 adders (D:3)
  An orc (D:3)
  5 ball pythons
  7 bats
  8 endoplasms
  3 giant cockroaches
  4 goblins
  5 hobgoblins (D:1)
  A quokka (D:1)
  4 frilled lizards (D:1)
  8 kobolds
  3 rats
54 creatures vanquished.

Notes
Turn   | Place    | Note
-------+----------+-------------------------------------------
     0 | D:1      | qw the Gargoyle Hexslinger began the quest for the Orb.
     0 | D:1      | Reached XP level 1. HP: 12/12 MP: 2/2
     0 | D:1      | 0 ||| qw: Version: 0.3-a-46-gb1f654a
     0 | D:1      | 0 ||| qw: Game counter: 2716
     0 | D:1      | 0 ||| qw: Melee chars always use a shield: true
     0 | D:1      | 0 ||| qw: God list: Okawaru
     0 | D:1      | 0 ||| qw: Allow faded altars: false
     0 | D:1      | 0 ||| qw: Do Orc after clearing Dungeon:15 true
     0 | D:1      | 0 ||| qw: Do second Lair branch before Depths: true
     0 | D:1      | 0 ||| qw: Lair rune preference: random
     0 | D:1      | 0 ||| qw: Goals: Normal
     0 | D:1      | 0 ||| PLANNING D:1-11
    92 | D:1      | Reached XP level 2. HP: 16/16 MP: 3/3
   226 | D:1      | Reached skill level 3 in Ranged Weapons
   328 | D:1      | Reached XP level 3. HP: 17/21 MP: 4/4
   329 | D:1      | 329 ||| FLEEEEING.
   330 | D:1      | 330 ||| FLEEEEING.
   331 | D:1      | 331 ||| FLEEEEING.
   542 | D:1      | 542 ||| UPGRADING to +0 ring mail.
   552 | D:1      | 552 ||| DROPPING +0 robe.
   553 | D:1      | 553 ||| READING scroll labelled DOUNOZ ROYSOESK.
   554 | D:1      | 554 ||| READING scroll labelled CACVOT PAMOTHRA.
   559 | D:1      | 559 ||| DROPPING scroll of poison.
   566 | D:2      | 566 ||| STAIRDANCE
   798 | D:2      | Noticed Terence
   810 | D:2      | Killed Terence
   811 | D:2      | Reached XP level 4. HP: 25/26 MP: 5/5
   817 | D:2      | Reached skill level 4 in Ranged Weapons
   983 | D:2      | 983 ||| READING scroll labelled JAOTZI MAEXELUOPA.
  1102 | D:3      | Found a blossoming altar of Fedhas.
  1239 | D:3      | Reached skill level 1 in Armour
  1392 | D:3      | Noticed Ijyb
  1392 | D:3      | Paralysed by Ijyb for 4 turns
  1398 | D:3      | Paralysed by Ijyb for 2 turns
  1409 | D:3      | Paralysed by Ijyb for 3 turns
  1418 | D:3      | Killed Ijyb
  1419 | D:3      | Reached XP level 5. HP: 22/30 MP: 6/6
  1668 | D:3      | 1668 ||| UPGRADING to +0 helmet.
  1673 | D:3      | 1673 ||| READING scroll labelled AWONKOC MISE.
  1674 | D:3      | 1674 ||| READING 2 scrolls of identify.
  1674 | D:3      | 1674 ||| IDENTIFYING coppery potion
  1692 | D:4      | Noticed a +0 spear
  1692 | D:4      | Noticed a +0 dagger
  1693 | D:4      | Noticed a +0 short sword
  1694 | D:4      | Noticed a +0 falchion
  1694 | D:4      | Noticed a +0 spear
  1695 | D:4      | Noticed a +0 falchion
  1695 | D:4      | Noticed a +0 short sword
  1696 | D:4      | Noticed a +0 dagger
  1697 | D:4      | Found a hide-covered altar of Uskayaw.
  1700 | D:4      | Noticed Eustachio
  1710 | D:4      | HP: 1/30 [Eustachio/puff of flame (9)]
  1711 | D:4      | Slain by an ufetubus

Levels and vault maps discovered:
D:1:      minmay_arrival_doors, layout_rooms, kennysheep_doodads
D:2:      layout_rooms, uniq_terence
D:3:      layout_rooms, fedhas_altar_fruit_tree, kennysheep_big_empty_room,
          kennysheep_boxes, uniq_ijyb
D:4:      layout_cave_pools, nicolae_uskayaw_en_pointe, bloody_trog,
          mainiacjoe_overflow_catwalk_spiral, serial_shops, shop, uniq_eustachio

Skill      XL: |  1  2  3  4 |
---------------+-------------+-----
Ranged Weapons | 3 4 |  4.7
Fighting       | 2 |  2.0
Armour         | 1 |  1.2
Dodging        | |  1.5
Spellcasting   | |  1.0
Hexes          | |  2.6

Action                     |  1- 3 |  4- 6 || total
---------------------------+-------+-------++-------
   Fire: Sling             |   113 |    94 ||   207
    Use: Scroll            |     2 |     3 ||     5
 Armour: Robe              |     7 |       ||     7
         Ring mail         |    17 |    28 ||    45
  Dodge: Dodged            |    27 |    37 ||    64

Table legend:
 A = Non-vault XP
 B = Vault XP
 C = Vault XP percentage of total XP
 D = Non-vault monster count
 E = Vault monster count
 F = Vault count percentage of total count
                 A         B        C        D         E       F
            +---------+---------+-------+---------+---------+-------
      Total |     119 |      72 |  37.7 |      52 |       2 |   3.7
            +---------+---------+-------+---------+---------+-------
        D:1 |      41 |       0 |   0.0 |      27 |       0 |   0.0
        D:2 |      17 |      36 |  67.9 |      11 |       1 |   8.3
        D:3 |      61 |      36 |  37.1 |      14 |       1 |   6.7
            +---------+---------+-------+---------+---------+-------
